 Dungeon Crawl Stone Soup version 0.28.0-47-ge53b351184 (webtiles) character file.

Game seed: 9939369383712278440

32 Eitelfritz the Sneak (level 3, 0/22 HPs)
             Began as a Kobold Brigand on May 4, 2022.
             Slain by a worm (9 damage)
             ... on level 2 of the Dungeon.
             The game lasted 00:01:22 (1780 turns).

Eitelfritz the Sneak (Kobold Brigand)               Turns: 1780, Time: 00:01:22

Health: 0/22       AC:  3    Str:  8    XL:     3   Next: 42%
Magic:  3/3        EV: 14    Int: 12    God:
Gold:   54         SH:  0    Dex: 18    Spells: 2/2 levels left

rFire   . . .      SeeInvis .   a - +2 dagger
rCold   . . .      Faith    .   (no shield)
rNeg    . . .      Spirit   .   b - +0 robe
rPois   .          Reflect  .   l - +0 hat
rElec   .          Harm     .   c - +0 cloak
rCorr   .          Rampage  .   (no gloves)
Will    .....                   (no boots)
Stlth   +++++.....              (no amulet)
HPRegen 0.07/turn               (no ring)
MPRegen 0.08/turn               (no ring)

@: no status effects
A: small, no large weapons, nightstalker 3
a: no special abilities


You were on level 2 of the Dungeon.
You visited 1 branch of the dungeon, and saw 2 of its levels.

You collected 54 gold pieces.

Inventory:

Hand Weapons
 a - a +2 dagger (weapon)
Missiles
 d - 8 poisoned darts (quivered)
 e - 2 curare-tipped darts
Armour
 b - a +0 robe (worn)
 c - a +0 cloak (worn)
 l - a +0 hat (worn)
Scrolls
 g - a scroll of noise {unknown}
 j - a scroll of blinking {unknown}
 k - a scroll of torment {unknown}
Potions
 f - a potion of heal wounds {unknown}
 h - a potion of berserk rage {unknown}
 i - a potion of degeneration {unknown}


   Skills:
 + Level 2.4 Fighting
 + Level 2.9 Short Blades
 + Level 2.2 Throwing
 + Level 1.2 Dodging
 + Level 6.6 Stealth


You had 2 spell levels left.
You didn't know any spells.
Your spell library was empty.

Dungeon Overview and Level Annotations

Branches:
Dungeon (2/15)

Altars:


Innate Abilities, Weirdness & Mutations

You are small and have problems with some larger weapons.
You are completely attuned to the shadows.


Message History

The jackal is almost dead.
The jackal closely misses you.
You hit the jackal but do no damage.
The jackal is almost dead.
The jackal misses you.
You hit the jackal but do no damage.
The jackal is almost dead.
The jackal completely misses you.
You hit the jackal.
You kill the jackal!
You barely miss the jackal.
The jackal bites you but does no damage.
You hit the jackal.
The jackal is heavily wounded.
The jackal barely misses you. The jackal bites you.
A worm comes into view.
You hit the jackal.
The jackal is almost dead.
The jackal barely misses you.
You hit the jackal but do no damage.
The jackal is almost dead.
The jackal bites you.
You miss the jackal.
The jackal is almost dead.
The jackal barely misses you.
You hit the jackal.
You kill the jackal!
You barely miss the worm. You barely miss the worm. The worm bites you!
You hit the worm.
The worm is lightly wounded.
You hit the worm.
The worm is moderately wounded.
The worm misses you.
You hit the worm.
The worm is heavily wounded.
You hit the worm.
The worm is severely wounded.
The worm bites you!
You die...

..########
...w@....#
##.#####.####
# #.......
#.#.####
...#.# .# #.#
##.##
##.#.#####
#.###.....


You could see a worm.

Vanquished Creatures
  2 dart slugs (D:1)
  3 ball pythons (D:1)
  An endoplasm (D:1)
  2 giant cockroaches (D:1)
  3 goblins (D:1)
  6 jackals
  A kobold (D:1)
  2 quokkas (D:1)
  3 rats (D:1)
23 creatures vanquished.

Notes
Turn   | Place    | Note
-------+----------+-------------------------------------------
     0 | D:1      | Eitelfritz the Kobold Brigand began the quest for the Orb.
     0 | D:1      | Reached XP level 1. HP: 12/12 MP: 1/1
   487 | D:1      | Reached XP level 2. HP: 17/17 MP: 2/2
   652 | D:1      | Reached skill level 6 in Stealth
   868 | D:1      | Found a faded altar of an unknown god.
  1289 | D:1      | Reached XP level 3. HP: 22/22 MP: 3/3
  1780 | D:2      | Slain by a worm

Illustrated notes

Levels and vault maps discovered:
D:1:      kennysheep_arrival_forest, layout_basic,
          hellmonk_ecumenical_altar_leap_of_faith, grunt_decor_fettered,
          minmay_tromino_v4_c
D:2:      layout_loops_ring

Skill      XL: |  1  2 |
---------------+-------+-----
Stealth        | 6 |  6.6
Fighting       | |  2.4
Short Blades   | |  2.9
Throwing       | |  2.2
Dodging        | |  1.2

Action                   || total
-------------------------++-------
Melee: Dagger            ||    94
       Punch             ||     3
 Stab: Sleeping          ||    10
Armor: Robe              ||    12
Dodge: Dodged            ||    56
